 Dungeon Crawl Stone Soup version 0.29.1-2-gbd0b4ee654 (webtiles) character file.

Game seed: 989882578474577258

153036 unlimited1921 the Eclecticist (level 18, -1/163 HPs)
             Began as a Djinni Fire Elementalist on Nov 14, 2022.
             Was a High Priest of the Shining One (penitent).
             Engulfed by a cloud of flame (10 damage)
             ... on level 2 of the Spider Nest on Nov 15, 2022.
             The game lasted 05:46:59 (35102 turns).

unlimited1921 the Eclecticist (DjFE)               Turns: 35102, Time: 05:47:00

Health: -1/163     AC: 29    Str:  4    XL:     18   Next: 22%
Gold:   1511       EV:  2    Int: 29    God:    the Shining One [*****.] SH: 15 Dex: 16

rFire   + . .      SeeInvis .   N - +1 short sword of Duty {vorpal, rElec rPois rC+ Str-3}
rCold   + + .      Faith    .   u - +5 kite shield {reflect}
rNeg    + + .      Spirit   .   (body armour currently unavailable)
rPois   ∞          Reflect  +   (helmet currently unavailable)
rElec   +          Harm     .   (cloak currently unavailable)
rCorr   .          Rampage  .   (gloves currently unavailable)
Will    .....      NoTele   +   (boots unavailable)
Stlth   ++++......              o - amulet of regeneration
HPRegen 1.17/turn               s - ring of Wecrukkicunn {Wiz rPois rF+ rC+ Will-}
MPRegen 0.00/turn               G - +6 ring of intelligence

@: brilliant, tree-form, studying 3 skills
A: stationary, stasis, torment immunity, boosted hp, sickness immunity, (fire
resistance 2), (cold vulnerability 1), float, innate caster, HP casting, extra
vitality 1
a: Renounce Religion


You were on level 2 of the Spider Nest.
You worshipped the Shining One.
The Shining One was demanding penance.
You were a tree.
You visited 6 branches of the dungeon, and saw 25 of its levels.
You also visited: Trove, Bailey and Ice Cave.

You collected 3244 gold pieces.
You spent 1733 gold pieces at shops.

Inventory:

Hand Weapons
 a - a +2 mace of venom
 D - a +5 war axe of freezing
 F - a +2 short sword of holy wrath
 J - a +0 flail of protection
 K - the +7 hand axe of the Shining Light {vorpal, Dex+2 SInv}
   (You found it on level 3 of the Lair of Beasts)

   It inflicts extra damage upon your enemies.
   Dex:       It affects your dexterity (+2).
   SInv:      It lets you see invisible.
 N - the +1 short sword of Duty (weapon) {vorpal, rElec rPois rC+ Str-3}
   (You found it on level 2 of the Orcish Mines)

   It inflicts extra damage upon your enemies.
   Str:       It affects your strength (-3).
   rC:        It protects you from cold.
   rElec:     It insulates you from electricity.
   rPois:     It protects you from poison.
Missiles
 f - 5 silver boomerangs
 P - 6 boomerangs of dispersal
Armour
 r - a +1 troll leather armour (melded)
 u - a +5 kite shield of reflection (worn)
 E - a +0 cloak (melded)
 O - a +1 pair of gloves of stealth (melded)
 Q - the +4 chain mail of Space {Rampage rC+ rN+ Int+2}
   (You found it in an ice cave)

   Int:       It affects your intelligence (+2).
   rC:        It protects you from cold.
   rN:        It protects you from negative energy.
   Rampage:   It bestows one free step when moving towards enemies.
 Z - a +2 helmet (melded)
Jewellery
 d - an amulet of the acrobat
 h - a ring of willpower
 l - a +4 ring of protection
 o - an amulet of regeneration (around neck)
 q - an amulet of reflection
 s - the ring of Wecrukkicunn (left branch) {Wiz rPois rF+ rC+ Will-}
   (You found it on level 13 of the Dungeon)

   [ring of wizardry]

   It improves your spell success rate.
   rF:        It protects you from fire.
   rC:        It protects you from cold.
   rPois:     It protects you from poison.
   Will:      It decreases your willpower.
 y - a ring of resist corrosion
 G - a +6 ring of intelligence (right branch)
 W - a +6 ring of dexterity
Wands
 b - a wand of polymorph (19)
 k - a wand of light (22) (quivered)
 B - a wand of flame (38)
 I - a wand of paralysis (4)
 R - a wand of digging (12)
 V - a wand of roots (7)
 Y - a wand of mindburst (15)
Scrolls
 c - 2 scrolls of identify
 g - 2 scrolls of poison
 i - 4 scrolls of enchant weapon
 j - 4 scrolls of magic mapping
 n - 2 scrolls of brand weapon
 t - a scroll of summoning
 x - a scroll of fear
 z - 4 scrolls of butterflies
 C - 10 scrolls of teleportation
 T - 2 scrolls of acquirement
Potions
 m - 3 potions of curing
 p - 10 potions of brilliance
 w - 7 potions of resistance
 A - 4 potions of might
 H - 2 potions of ambrosia
 L - a potion of lignification
 M - 2 potions of berserk rage
 U - 3 potions of haste
 X - 2 potions of mutation
Miscellaneous
 e - a lightning rod (4/4)
 v - a phantom mirror
 S - a phial of floods


   Skills:
 + Level 3.7 Fighting
 + Level 0.4 Short Blades
 + Level 1.5 Maces & Flails
 + Level 0.1 Polearms
 + Level 6.0 Armour
 + Level 6.9 Dodging
 * Level 7.8 Stealth
 * Level 4.9 Shields
 + Level 20.5 Spellcasting
 + Level 10.7 Invocations
 + Level 2.0 Evocations


You had 15 spell levels left.
You knew the following spells:

 Your Spells              Type           Power      Damage    Failure   Level
a - Foxfire               Conj/Fire      100%       2x1d9     0%          1
b - Scorch                Fire           100%       2d10      0%          2
c - Conjure Flame         Conj/Fire      100%       6-21      0%          3
d - Inner Flame           Hex/Fire       100%       N/A       0%          3
e - Flame Wave            Conj/Fire      100%       2d21      0%          4
f - Necrotise             Necr           100%       1d9       0%          1
g - Searing Ray           Conj           100%       2d8       0%          2
h - Frozen Ramparts       Ice            100%       1d16      0%          3
i - Dazzling Flash        Conj/Hex       100%       N/A       0%          3
j - Airstrike             Air            61%        2d(9-25)  0%          4
k - Agony                 Necr           100%       N/A       0%          5
l - Starburst             Conj/Fire      61%        6d16      1%          6
m - Conjure Ball Lightni  Conj/Air       61%        3x3d22    1%          6
Your spell library was empty.

Dungeon Overview and Level Annotations

Branches:
Dungeon (15/15)            Temple (1/1) D:4            Lair (3/5) D:8
 Shoals (0/4) Lair:3       Spider (3/4) Lair:3          Orc (2/2) D:12
    Elf (0/3) Orc:2        Vaults (0/5) D:13         Depths (1/4) D:15
 Bailey (visited)           IceCv (visited)

Altars:
Ashenzari
Cheibriados
Dithmenos
Elyvilon
Fedhas
Gozag
Hepliaklqana
Makhleb
Nemelex Xobeh
Okawaru
Qazlal
Ru
Trog
Uskayaw
Wu Jian
Xom
Yredelemnul
Zin
The Shining One

Shops:
D:14 *   Orc:1 =[[*?   Orc:2 [:(*   Depths:1 =:=

Portals:
Hell: Depths:1


Innate Abilities, Weirdness & Mutations

You are a tree.
Your roots penetrate the ground, keeping you stationary.
You cannot be teleported.
You are immune to unholy pain and torment.
Your maximum health is greatly increased.
Your equipment is partially melded.
You are immune to sickness and miasma.
You are immune to poison.
((Your flesh is very heat resistant. (rF++)))
((You are vulnerable to cold. (rC-)))
You float through the air rather than walking.
You learn spells naturally, not from books.
Your magical power is your life essence.
You have superior vitality. (+4 MHP)


Message History

* * * LOW HITPOINT WARNING * * *
You feel better.
You are engulfed in blazing flames.
You resist.
* * * LOW HITPOINT WARNING * * *
You cannot move.
Casting: Airstrike (safe; 0% risk of failure)
Confirm with . or Enter, or press ? or * to list all spells.
You feel a surge of power!
You conjure some foxfire!
* * * LOW HITPOINT WARNING * * *
You are engulfed in blazing flames.
You resist.
* * * LOW HITPOINT WARNING * * *
Casting: Foxfire (safe; 0% risk of failure)
Confirm with . or Enter, or press ? or * to list all spells.
You feel a surge of power!
You conjure some foxfire!
* * * LOW HITPOINT WARNING * * *
You are engulfed in blazing flames.
You resist.
* * * LOW HITPOINT WARNING * * *
You feel better.
You are engulfed in blazing flames.
You resist.
Your foxfire dissipates!
You cannot move.
You cannot move.
You're standing in a cloud of flame!
You're standing in a cloud of flame!
Casting: Foxfire (safe; 0% risk of failure)
Confirm with . or Enter, or press ? or * to list all spells.
You feel a surge of power!
You conjure some foxfire!
* * * LOW HITPOINT WARNING * * *
You are engulfed in blazing flames.
You resist.
Your foxfire dissipates! x3
Casting: Foxfire (safe; 0% risk of failure)
Confirm with . or Enter, or press ? or * to list all spells.
You feel a surge of power!
You conjure some foxfire!
* * * LOW HITPOINT WARNING * * *
You are engulfed in blazing flames.
You resist.
* * * LOW HITPOINT WARNING * * *
Casting: Foxfire (safe; 0% risk of failure)
Confirm with . or Enter, or press ? or * to list all spells.
You feel a surge of power!
You conjure some foxfire!
* * * LOW HITPOINT WARNING * * *
You are engulfed in blazing flames.
You resist.
You die...

.............## ....#........^#
..#...........##
...#...^<.#)...### ###
.......#^......#.## ##.####
..................# ##....^##
.#....#........○v○## #..#....#
...........!...#v§§####.......##
...#...........v♣○#^..#........##
............#^.vv...............#
.#......[...v§§§...#......#.##..#
.^.........^...#............#...#
...#................#............
.....#.(........................^
...........#.....(.^...#...#...#^
......................^..#.##..##
.#.^......#..#..........#.######


There were no monsters in sight!

Vanquished Creatures
  A lich (Depths:1)
  3 sphinxes (Depths:1)
  Gastronok (Lair:2)
  Donald (Spider:3)
  A fire giant (Depths:1)
  A tengu reaver (Depths:1)
  2 frost giants (IceCv)
  Aizul (Depths:1)
  3 orc warlords (Orc:2)
  A ghost moth (Spider:3)
  An emperor scorpion (Spider:3)
  A broodmother (Spider:2)
  A stone giant (Depths:1)
  3 entropy weavers
  2 spark wasps (Spider:2)
  Azrael (Orc:2)
  A white draconian (IceCv)
  2 ettins
  2 fire dragons (Depths:1)
  2 pearl dragon zombies (Depths:1)
  10 hydras
  Fannar (Lair:1)
  3 boulder beetles
  Erica (D:8)
  A jorogumo (Spider:2)
  A death knight (Depths:1)
  2 centaur warriors (D:15)
  The ghost of TheGhostDragon952 the Cleaver, a novice MiBe of Trog (D:10)
  4 ironbound frosthearts (IceCv)
  5 two-headed ogres
  4 vampire magi (Depths:1)
  A deep troll shaman (Depths:1)
  5 death yaks (Lair:3)
  3 hell hogs (Depths:1)
  Urug (Lair:2)
  A spriggan berserker (Depths:1)
  2 orc high priests
  3 pharaoh ants
  An iron troll (D:13)
  2 skeletal warriors (D:15)
  3 deep trolls (Depths:1)
  A golden dragon zombie (D:15)
  5 orb spiders
  6 steelbarb worms
  A lindwurm (D:13)
  The ghost of TheSexyCheese the Trooper, a novice MiFi of Gozag (D:6)
  An orange crystal statue (IceCv)
  A phantasmal warrior (D:15)
  A necromancer (D:15)
  9 wolf spiders
  4 orc sorcerers
  A wizard (D:13)
  7 orc knights (Orc:2)
  A harpy (Depths:1)
  A stone giant zombie (D:15)
  2 deep elf pyromancers
  4 manticores
  25 ugly things
  5 cyclopes
  Maurice (D:11)
  6 elephants (Lair:2)
  A fire giant skeleton (D:15)
  3 apis skeletons (Depths:1)
  4 moths of wrath
  An ice statue (D:14)
  3 black mambas
  2 demonic crawlers (Spider:1)
  7 cane toads
  3 freezing wraiths
  An efreet (D:15)
  2 unseen horrors
  21 rime drakes (IceCv)
  6 komodo dragons
  Psyche (D:8)
  7 trolls
  An ice devil (D:10)
  14 polar bears
  A queen bee (Lair:1)
  14 tarantellas
  8 blink frogs (Lair:1)
  6 slime creatures (D:13)
  A spriggan zombie (D:15)
  10 culicivoras
  13 jumping spiders
  A culicivora (shapeshifter) (D:14)
  2 centaur simulacra (D:10)
  A spriggan (Lair:3)
  3 wyverns
  A fire bat (IceCv)
  A shadow (D:11)
  29 yaks
  Eustachio (D:5)
  4 wraiths
  4 fire elementals (Orc:2)
  2 steam dragons
  4 vampire mosquitoes
  33 redbacks
  5 basilisks
  Menkaure (D:5)
  6 wargs
  A naga (shapeshifter) (D:13)
  2 acid dragons
  12 water moccasins
  8 hell hounds
  Duvessa (D:5)
  60 orc warriors
  7 ice beasts
  3 black bears
  A sky beast (D:6)
  14 ogres
  5 wolves (Lair:1)
  22 centaurs
  A phantom (D:5)
  Blork the orc (D:4)
  2 kobold brigands (D:6)
  9 bullfrogs
  4 gnoll sergeants
  6 scorpions
  A necrophage (D:7)
  5 wights (D:8)
  Dowan (D:5)
  29 killer bees
  4 electric eels
  4 howler monkeys
  A jelly (D:6)
  21 orc priests
  Crazy Yiuf (D:2)
  6 hounds
  2 gnoll boudas
  Jessica (D:2)
  Natasha (thrice) (D:4)
  4 iguanas
  23 orc wizards
  7 hell rats
  28 gnolls
  6 adders
  3 white imps (D:10)
  An ufetubus (D:6)
  A worm (D:4)
  7 dart slugs
  103 orcs
  4 bats
  4 endoplasms
  A giant cockroach (D:3)
  7 goblins
  3 hobgoblins (D:1)
  8 jackals
  13 kobolds
  4 quokkas
  4 frilled lizards
  5 rats
  A foxfire (Lair:3)
872 creatures vanquished.

Vanquished Creatures (collateral kills)
  A profane servitor (Depths:1)
  An apis skeleton (Depths:1)
  7 ball lightnings
9 creatures vanquished.

Vanquished Creatures (others)
  A hell rat (Lair:2)
  140 ball lightnings
  1197 foxfires
  73 fungi
  61 plants
  3 withered plants (D:15)
1475 creatures vanquished.

Grand Total: 2356 creatures vanquished

Notes
Turn   | Place    | Note
-------+----------+-------------------------------------------
     0 | D:1      | unlimited1921 the Djinni Fire Elementalist began the quest
                  | for the Orb.
     0 | D:1      | unlimited1921 set off with the following spells memorised:
                  | Foxfire, Scorch, Conjure Flame, Inner Flame, Flame Wave.
     0 | D:1      | Reached XP level 1. HP: 15/15 MP: 0/0
   725 | D:1      | Reached XP level 2. HP: 10/21 MP: 0/0
  2057 | D:1      | Reached skill level 3 in Spellcasting
  2182 | D:1      | Reached XP level 3. HP: 22/25 MP: 0/0
  2182 | D:1      | Learned a level 1 spell: Necrotise
  2886 | D:1      | Found a faded altar of an unknown god.
  3612 | D:2      | Reached XP level 4. HP: 24/31 MP: 0/0
  4566 | D:2      | Noticed Jessica
  4570 | D:2      | Killed Jessica
  4621 | D:2      | Reached XP level 5. HP: 35/35 MP: 0/0
  4621 | D:2      | Learned a level 2 spell: Searing Ray
  4821 | D:2      | Found a runed translucent door.
  4822 | D:2      | Noticed Crazy Yiuf
  5568 | D:3      | Reached skill level 4 in Spellcasting
  5662 | D:2      | Reached XP level 6. HP: 22/40 MP: 0/0
  5969 | D:3      | Reached skill level 1 in Armour
  6377 | D:3      | You are sucked into a shaft and drop 2 floors!
  6377 | D:5      | Entered Level 5 of the Dungeon
  6397 | D:5      | Noticed Dowan
  6469 | D:5      | Noticed Eustachio
  6677 | D:5      | Killed Eustachio
  6678 | D:5      | Reached skill level 5 in Spellcasting
  6678 | D:5      | Reached XP level 7. HP: 45/45 MP: 0/0
  6678 | D:5      | Learned a level 3 spell: Frozen Ramparts
  6708 | D:5      | Noticed Menkaure
  6714 | D:5      | Killed Menkaure
  6855 | D:5      | Noticed a water moccasin
  6863 | D:5      | Killed a water moccasin
  6864 | D:5      | Reached skill level 6 in Spellcasting
  6864 | D:5      | Reached XP level 8. HP: 51/51 MP: 0/0
  7082 | D:5      | Noticed Duvessa
  7091 | D:5      | Killed Duvessa
  7094 | D:5      | Killed Dowan
  7211 | D:5      | Reached skill level 7 in Spellcasting
  7615 | D:4      | Noticed Blork the orc
  7622 | D:4      | Killed Blork the orc
  7657 | D:4      | Reached XP level 9. HP: 50/56 MP: 0/0
  7657 | D:4      | Learned a level 3 spell: Dazzling Flash
  7928 | D:4      | Found a staircase to the Ecumenical Temple.
  8032 | D:4      | Noticed Natasha
  8036 | D:4      | Killed Natasha
  8083 | D:4      | Noticed Natasha
  8087 | D:4      | Killed Natasha
  8088 | D:4      | Reached skill level 8 in Spellcasting
  8107 | D:4      | Noticed Natasha
  8110 | D:4      | Killed Natasha
  8735 | D:3      | Found a hazy altar of Hepliaklqana.
  9147 | Temple   | Entered the Ecumenical Temple
  9318 | Temple   | Became a worshipper of the Shining One
  9451 | D:2      | Killed Crazy Yiuf
  9864 | D:6      | Reached skill level 9 in Spellcasting
  9945 | D:6      | Found a transporter.
  9946 | D:6      | Noticed TheSexyCheese's ghost (novice MiFi)
  9946 | D:6      | Identified the +2 dire flail of Hizif Kudgh {speed, Fly
                  | rElec Int+3 Dex+4}
  9946 | D:6      | Noticed a two-headed ogre
  9962 | D:6      | Reached skill level 1 in Fighting
 10111 | D:6      | Reached XP level 10. HP: 60/62 MP: 0/0
 10346 | D:6      | Reached * piety under the Shining One
 10442 | D:7      | Found a flagged portal.
 10484 | Bailey   | Entered a bailey
 10672 | Bailey   | Reached skill level 10 in Spellcasting
 11197 | Bailey   | Reached skill level 11 in Spellcasting
 11846 | D:7      | Found a blossoming altar of Fedhas.
 12025 | D:8      | Noticed a two-headed ogre
 12054 | D:8      | Killed a two-headed ogre
 12055 | D:8      | Reached XP level 11. HP: 55/67 MP: 0/0
 12055 | D:8      | Learned a level 4 spell: Airstrike
 12057 | D:8      | Reached skill level 1 in Invocations
 12256 | D:8      | Noticed a two-headed ogre
 12262 | D:8      | Killed a two-headed ogre
 12316 | D:8      | Found a staircase to the Lair.
 12327 | D:8      | Noticed Psyche
 12330 | D:8      | Paralysed by Psyche for 3 turns
 12340 | D:8      | Noticed Erica
 12465 | D:8      | Reached skill level 12 in Spellcasting
 12692 | D:8      | Killed Psyche
 12816 | D:8      | Reached ** piety under the Shining One
 12991 | D:8      | Killed Erica
 13381 | Lair:1   | Entered Level 1 of the Lair of Beasts
 13754 | Lair:1   | Reached skill level 1 in Maces & Flails
 13877 | Lair:1   | Reached XP level 12. HP: 55/74 MP: 0/0
 13956 | Lair:1   | Reached skill level 13 in Spellcasting
 13965 | Lair:1   | Reached skill level 5 in Stealth
 14931 | Lair:2   | Noticed Fannar
 14934 | Lair:2   | Noticed Urug
 15086 | Lair:2   | Reached *** piety under the Shining One
 15142 | Lair:2   | Killed Urug
 16860 | D:9      | Identified the +1 robe "Niytyin" {Rampage Fly}
 17184 | D:10     | Entered Level 10 of the Dungeon
 17391 | D:10     | Found a runed translucent gate.
 17391 | D:10     | Found a runed translucent gate.
 17391 | D:10     | Found a runed translucent gate.
 17470 | D:10     | Found a portal to a secret trove of treasure.
 17609 | D:10     | Noticed TheGhostDragon952's ghost (novice MiBe)
 17701 | D:10     | Reached skill level 14 in Spellcasting
 17794 | D:10     | Reached skill level 1 in Evocations
 17801 | D:10     | Reached XP level 13. HP: 64/80 MP: 0/0
 17801 | D:10     | Learned a level 5 spell: Agony
 18116 | D:10     | Killed TheGhostDragon952's ghost
 18397 | D:11     | Reached **** piety under the Shining One
 18557 | D:11     | Noticed Maurice
 18563 | D:11     | Killed Maurice
 19276 | D:12     | Reached skill level 15 in Spellcasting
 19574 | D:12     | Noticed an eight-headed hydra
 19582 | D:12     | Killed an eight-headed hydra
 20043 | D:12     | Found a staircase to the Orcish Mines.
 20200 | Orc:1    | Entered Level 1 of the Orcish Mines
 20247 | Orc:1    | Found Gehievor's Antique Armour Boutique.
 20285 | Orc:1    | Found Ohuolooj's Magic Scroll Shoppe.
 20315 | Orc:1    | Bought a scroll of butterflies for 44 gold pieces
 20315 | Orc:1    | Bought a scroll of blinking for 82 gold pieces
 20315 | Orc:1    | Bought a scroll of identify for 22 gold pieces
 20315 | Orc:1    | Bought a scroll of butterflies for 44 gold pieces
 20315 | Orc:1    | Bought a scroll of identify for 22 gold pieces
 20315 | Orc:1    | Bought a scroll of summoning for 104 gold pieces
 20409 | Orc:1    | Found Xotsaip's General Store.
 20451 | Orc:1    | Bought a ring of resist corrosion for 260 gold pieces
 20451 | Orc:1    | Bought a scroll of identify for 26 gold pieces
 20586 | Orc:2    | Entered Level 2 of the Orcish Mines
 20637 | Orc:2    | Reached skill level 5 in Invocations
 20661 | Orc:2    | Noticed Azrael
 20669 | Orc:2    | Killed Azrael
 20699 | Orc:2    | Found a staircase to the Elven Halls.
 20813 | Orc:2    | Reached XP level 14. HP: 74/85 MP: 0/0
 20906 | Orc:2    | Reached ***** piety under the Shining One
 20923 | Orc:2    | HP: 3/85 [orc priest/divine providence[an orc warlord]
                  | (12)]
 21191 | Orc:2    | Noticed an orc warlord
 21201 | Orc:2    | Killed an orc warlord
 21202 | Orc:2    | Reached skill level 16 in Spellcasting
 21298 | Orc:2    | Found Lazoicos's General Store.
 21317 | Orc:2    | Bought a scroll of identify for 36 gold pieces
 21328 | Orc:2    | Found Axywier's Book Boutique.
 21377 | Orc:2    | Found Serelo's Antique Armour Boutique.
 21389 | Orc:2    | Noticed an orc warlord
 21400 | Orc:2    | Killed an orc warlord
 21443 | Orc:2    | Found Lerei's Antique Weapon Boutique.
 21542 | Orc:2    | Bought a runed scarf for 232 gold pieces
 21542 | Orc:2    | Bought a glowing hat for 203 gold pieces
 21559 | Orc:2    | Noticed an orc warlord
 21575 | Orc:2    | Killed an orc warlord
 22029 | Orc:2    | Identified the +1 short sword of Duty {vorpal, rElec rPois
                  | rC+ Str-3}
 22052 | Orc:2    | Found the +5 scythe "Finisher" {speed, eviscerate}
 22057 | Orc:2    | Identified the +1 sling of Qocvu {freeze, rPois Str+9
                  | Int-5}
 22502 | Orc:1    | Found Yhagu's Jewellery Shop.
 22546 | Orc:1    | Found Ficim's Antique Armour Shoppe.
 22822 | Orc:1    | Bought an amulet of the acrobat for 390 gold pieces
 23066 | D:6      | Found a transporter.
 23072 | D:6      | Reached skill level 1 in Shields
 23074 | D:6      | Killed TheSexyCheese's ghost
 23316 | Lair:1   | Killed Fannar
 23454 | Lair:2   | Noticed Gastronok
 23509 | Lair:2   | Killed Gastronok
 23751 | Lair:2   | Reached skill level 17 in Spellcasting
 23758 | Lair:2   | Reached XP level 15. HP: 38/91 MP: 0/0
 23758 | Lair:2   | Learned a level 6 spell: Starburst
 23935 | Lair:2   | Identified the +3 chain mail of the Ward {Contam Harm rF+
                  | Will+}
 24433 | D:10     | You paid a toll of a +4 demon trident to enter a treasure
                  | trove
 24434 | Trove    | Entered a treasure trove
 24703 | Orc:1    | Bought a scroll of teleportation for 39 gold pieces
 24703 | Orc:1    | Bought a wand of polymorph (6) for 109 gold pieces
 24875 | D:13     | Identified the ring of Wecrukkicunn {Wiz rPois rF+ rC+
                  | Will-}
 25280 | D:13     | Found a gate to the Vaults.
 25525 | D:13     | Found a snail-covered altar of Cheibriados.
 25674 | D:14     | Found Owko Jev's General Store.
 25700 | D:14     | Bought a scroll of identify for 20 gold pieces
 25700 | D:14     | Bought a potion of brilliance for 40 gold pieces
 25700 | D:14     | Bought a potion of curing for 30 gold pieces
 25700 | D:14     | Bought a scroll of teleportation for 30 gold pieces
 26116 | D:14     | Found a frozen archway.
 26244 | IceCv    | Entered an ice cave
 26479 | IceCv    | HP: 4/91 [rime drake/flash freeze (18)]
 26615 | IceCv    | Reached skill level 18 in Spellcasting
 27058 | IceCv    | Noticed a frost giant
 27062 | IceCv    | Noticed a frost giant
 27062 | IceCv    | Reached ****** piety under the Shining One
 27063 | IceCv    | Killed a frost giant
 27068 | IceCv    | Killed a frost giant
 27182 | IceCv    | Reached skill level 5 in Dodging
 27193 | IceCv    | Reached XP level 16. HP: 62/96 MP: 0/0
 27480 | IceCv    | Identified the +4 chain mail of Space {Rampage rC+ rN+
                  | Int+2}
 27797 | D:15     | Entered Level 15 of the Dungeon
 27848 | D:15     | Found a staircase to the Depths.
 29000 | Depths:1 | Entered Level 1 of the Depths
 29058 | Depths:1 | Found a gateway to Hell.
 29186 | Depths:1 | Found Xokox's Book Emporium.
 29186 | Depths:1 | Noticed a tengu reaver
 29187 | Depths:1 | Found Mefedal's Jewellery Boutique.
 29187 | Depths:1 | Found Heti's Jewellery Boutique.
 29195 | Depths:1 | Killed a tengu reaver
 29328 | Depths:1 | Noticed a lich
 29331 | Depths:1 | Killed a lich
 29344 | Depths:1 | Noticed a fire giant
 29350 | Depths:1 | Killed a fire giant
 29351 | Depths:1 | Reached skill level 19 in Spellcasting
 29419 | Depths:1 | Noticed a sphinx
 29438 | Depths:1 | Paralysed by a sphinx for 2 turns
 29441 | Depths:1 | Killed a sphinx
 29515 | Depths:1 | Noticed a sphinx
 29533 | Depths:1 | Killed a sphinx
 29534 | Depths:1 | Reached skill level 5 in Armour
 29585 | Depths:1 | Noticed a sphinx
 29589 | Depths:1 | Killed a sphinx
 29810 | Depths:1 | Reached XP level 17. HP: 61/102 MP: 0/0
 29810 | Depths:1 | Learned a level 6 spell: Conjure Ball Lightning
 30025 | Depths:1 | Noticed a profane servitor
 30043 | Depths:1 | Killed a profane servitor
 30043 | Depths:1 | Was placed under penance by the Shining One
 30131 | Depths:1 | Found a basalt altar of Yredelemnul.
 30602 | Depths:1 | Noticed Aizul
 30607 | Depths:1 | Killed Aizul
 30727 | Depths:1 | Reached skill level 10 in Invocations
 31658 | Lair:3   | Found a hole to the Spider Nest.
 31800 | Lair:3   | Found a staircase to the Shoals.
 32120 | Lair:3   | Identified the +7 hand axe of the Shining Light {vorpal,
                  | Dex+2 SInv}
 32918 | Spider:1 | Entered Level 1 of the Spider Nest
 33489 | Spider:1 | Identified the +5 great sword of Infinity {vorpal, Fragile
                  | rCorr MP+9}
 33570 | Spider:1 | Reached skill level 20 in Spellcasting
 34500 | Spider:2 | The Shining One protects you from harm!
 34552 | Spider:2 | Reached XP level 18. HP: 103/109 MP: 0/0
 34659 | Spider:2 | Identified 2 scrolls of acquirement
 35006 | Spider:3 | Noticed Donald
 35087 | Spider:3 | Killed Donald
 35098 | Spider:2 | HP: 4/163 [cloud of flame (7)]
 35102 | Spider:2 | Engulfed by a cloud of flame

Illustrated notes

Levels and vault maps discovered:
D:1:      ncdulo_wetmaze, layout_basic, chequers_ecumenical_altar_twisty
D:2:      layout_basic, uniq_crazy_yiuf_cottage, uniq_jessica
D:3:      layout_basic, marbit_many_paths, st_stairs_8
D:4:      layout_loops_cross, minmay_temple_entry_ruins, uniq_blork_the_orc,
          uniq_natasha
D:5:      layout_basic, serial_co_window_serial, co_window_paths_a,
          co_window_of_opportunity_a, co_window_paths_a, co_window_paths_a,
          co_window_of_opportunity_a, co_window_corner_a,
          co_window_of_opportunity_a, co_window_of_opportunity_c,
          co_window_corner_b, co_window_cross_3, co_window_corner_b,
          co_window_unsneaky_path_d, glass_columns_b, glass_columns_b,
          glass_columns_a, glass_columns_a, glass_columns_c, uniq_eustachio,
          uniq_duvessa, uniq_menkaure
D:6:      layout_basic, gammafunk_ghost_smash, minmay_fractal_squares_5
D:7:      layout_gridville, kennysheep_mini_moat, enter_bailey_2
D:8:      layout_basic, due_lair_maze_entry_diamond, st_stairs_8,
          kennysheep_boxes, uniq_psyche, uniq_erica
D:9:      layout_loops_corners
D:10:     layout_roguey, enter_trove_6, gammafunk_ghost_icy, st_stairs_10,
          kennysheep_small_square
D:11:     layout_small_grid, uniq_maurice
D:12:     layout_loops_ring, orc_david_3
D:13:     layout_loops_ring, david_vaults_4, kennysheep_slug_shrine
D:14:     layout_big_octagon, minmay_misc_feat_alley,
          portal_ice_cave_entry_ice_statue_one, serial_shops,
          nicolae_stop_n_shop_1
D:15:     gammafunk_depths_entry_grave, layout_loops_ring,
          minmay_misc_feat_pillars
Temple:   nicolae_temple_bog_church
Lair:1:   layout_small_grid, special_room [special_room_bee]
Lair:2:   layout_misc_corridors, infiniplex_staircase_pool, uniq_fannar,
          uniq_urug, uniq_gastronok
Lair:3:   layout_layer_cave, minmay_shoals_entry_centaurs,
          spider_nest_entry_webs, minmay_holes, grunt_forest_large_clearing_hut
Spider:1: layout_spider_delve
Spider:2: layout_spider_delve
Spider:3: layout_spider_delve, drop_trap, uniq_donald, uniq_arachne
Orc:1:    layout_diamond_mine, serial_shops, nicolae_shop_hallway_plus,
          nicolae_shop_waterfront, shop, nicolae_shop_statue_plus, shop
Orc:2:    grunt_orc_cross, layout_caves, minmay_orc_treasury, uniq_azrael
Depths:1: layout_roguey, bh_walls_and_bars, special_room
          [special_room_mythical_zoo], pf_vacation_house_of_asmodeus,
          hangedman_blasphemy, minmay_shop_grove, uniq_aizul

Skill      XL: |  1  2  3  4  5  6  7  8  9 10 11 12 13 14 15 16 17 |
---------------+----------------------------------------------------+-----
Spellcasting   | 3 4 5 6 7 9 11 12 14 15 17 18 19 20 | 20.5
Stealth        | 2 3 4 5 6 7 |  7.8
Armour         | 1 2 3 4 5 6 |  6.0
Dodging        | 3 4 5 6 |  6.9
Fighting       | 1 2 3 |  3.7
Invocations    | 2 3 5 6 8 9 10 | 10.7
Maces & Flails | 1 |  1.5
Evocations     | 1 2 |  2.0
Shields        | 1 3 4 |  4.9
Short Blades   | |  0.4
Polearms       | |  0.1

Action                   |  1- 3 |  4- 6 |  7- 9 | 10-12 | 13-15 | 16-18 || total
-------------------------+-------+-------+-------+-------+-------+-------++-------
Melee: Trident           |       |     3 |       |       |       |       ||     3
       Flail             |       |       |       |    59 |     4 |       ||    63
       Punch             |       |       |       |     2 |       |       ||     2
       Short sword       |       |       |       |       |     8 |    42 ||    50
 Cast: Foxfire           |    73 |    56 |   147 |   267 |   165 |    27 ||   735
       Scorch            |     3 |    24 |    60 |   114 |   129 |    19 ||   349
       Inner Flame       |       |    10 |    15 |    92 |   239 |    83 ||   439
       Frozen Ramparts   |       |       |     3 |       |     8 |    12 ||    23
       Conjure Flame     |       |       |    10 |     2 |    11 |     9 ||    32
       Flame Wave        |       |       |     1 |    14 |    11 |       ||    26
       Airstrike         |       |       |       |    63 |   195 |    50 ||   308
       Dazzling Flash    |       |       |       |     1 |       |       ||     1
       Starburst         |       |       |       |       |    67 |   125 ||   192
       Conjure Ball Ligh |       |       |       |       |       |    62 ||    62
Invok: Cleansing Flame   |       |       |       |     1 |       |     1 ||     2
       Divine Shield     |       |       |       |       |     1 |       ||     1
       Summon Divine War |       |       |       |       |       |     1 ||     1
Evoke: Wand              |       |       |       |     9 |     5 |     7 ||    21
       Lightning rod     |       |       |       |       |       |     3 ||     3
  Use: Scroll            |       |       |       |     8 |    21 |    10 ||    39
       Potion            |       |       |       |     6 |    13 |     5 ||    24
Armor: Robe              |     5 |       |       |       |       |       ||     5
       Leather armour    |       |     4 |     6 |    84 |     5 |       ||    99
       Troll leather arm |       |       |       |       |    28 |    41 ||    69
       Ring mail         |       |       |       |       |     2 |       ||     2
       Skin              |       |       |       |       |       |     2 ||     2
Dodge: Dodged            |     5 |    16 |    16 |   148 |    60 |    50 ||   295
Block: Kite shield       |       |       |       |    11 |    74 |   116 ||   201
       Other             |       |       |       |     5 |       |       ||     5
       Reflection        |       |       |       |       |    16 |    12 ||    28
